 Dungeon Crawl Stone Soup version 0.24.0-13-gcf9b319 (webtiles) character file.

Game seed: 1257786450280066978, levelgen mode: deterministic

67 Bronimir the Stinger (level 3, 0/24 HPs)
             Began as a Demonspawn Venom Mage on Apr 23, 2020.
             Succumbed to an adder's poison
             ... on level 2 of the Dungeon.
             The game lasted 00:05:26 (2475 turns).

Bronimir the Stinger (Demonspawn Venom Mage)        Turns: 2475, Time: 00:05:27

Health: 0/24       AC:  8    Str: 11 (14) XL:     3   Next: 98%
Magic:  0/6        EV: 11    Int: 13 (16) God:
Gold:   118        SH:  3    Dex: 12 (13) Spells: 3/6 levels left

rFire    . . .     SeeInvis .   a - +0 hand axe
rCold    . . .     Gourm    .   l - +0 buckler
rNeg     . . .     Faith    .   d - +0 leather armour
rPois    .         Spirit   .   (no helmet)
rElec    .         Reflect  .   u - +1 cloak
rCorr    .         Harm     .   (no gloves)
MR       .....                  (no boots)
Stlth    ++........             (no amulet)
HPRegen  0.08/turn              (no ring)
MPRegen  0.10/turn              (no ring)

@: mighty, lethally poisoned (0 -> -8), flying, very slightly contaminated
A: yellow scales 2
a: no special abilities


You were on level 2 of the Dungeon.
You were not hungry.

You visited 1 branch of the dungeon, and saw 2 of its levels.

You collected 118 gold pieces.

Inventory:

Hand Weapons
 a - a +0 hand axe (weapon)
 b - a +0 club
 s - a +0 short sword
Missiles
 e - 77 arrows
 i - 23 sling bullets
 j - 58 stones (quivered)
Armour
 d - a +0 leather armour (worn)
 g - a +0 robe
 l - a +0 buckler (worn)
 u - a +1 cloak (worn)
Jewellery
 h - an uncursed ring of flight {unknown}
 m - an uncursed ring of flight {unknown}
Wands
 r - a wand of random effects (14)
Scrolls
 f - 2 scrolls of teleportation {unknown}
 n - a scroll of immolation {unknown}
 o - a scroll of remove curse {unknown}
 p - a scroll of identify {unknown}
 q - a scroll of enchant weapon {unknown}
 v - a scroll of fear {unknown}
Potions
 t - a potion of might
Comestibles
 c - 4 rations


   Skills:
 + Level 0.1 Fighting
 * Level 1.1 Armour
 + Level 2.5 Dodging
 - Level 1.7 Stealth
 * Level 0.4 Shields
 * Level 2.1 Spellcasting
 * Level 1.7 Conjurations
 + Level 0.2 Air Magic
 * Level 3.3 Poison Magic


You had 3 spell levels left.
You knew the following spells:

 Your Spells              Type           Power        Failure   Level  Hunger
a - Sting                 Conj/Pois      #...         19%         1    ##.....
b - Poisonous Vapours     Pois/Air       #.....       36%         2    ###....

Your spell library contained the following spells:

 Spells                   Type           Power        Failure   Level  Hunger
 Mephitic Cloud           Conj/Pois/Air  #.......     58%         3    ####...
 Olgreb's Toxic Radiance  Pois           ##......     78%         4    #####..
 Venom Bolt               Conj/Pois      #.........   99%         5    ######.


Dungeon Overview and Level Annotations

Branches:
Dungeon (2/15)

Altars:


Innate Abilities, Weirdness & Mutations

You are mostly covered in yellow scales. (AC +3)


Message History

You feel sick. The adder bites you but does no damage.
The adder closely misses you.
It was a potion of flight.
You feel very buoyant.
You fly up into the air.
* * * LOW HITPOINT WARNING * * *
You feel sick. The adder bites you but does no damage.
Casting: Sting (safe; 19% risk of failure)
Confirm with . or Enter, or press ? or * to list all spells.
Aiming: Sting (safe; 19% risk of failure)
Press: ? - help, Shift-Dir - straight line, f/p - adder
Aim: an adder (almost dead, poisoned)
You miscast Sting.
Nothing appears to happen.
The adder barely misses you.
Casting: Sting (safe; 19% risk of failure)
Confirm with . or Enter, or press ? or * to list all spells.
You don't have enough magic to cast that spell.
Unknown command.
Your shield prevents you from hitting the adder.
The adder is almost dead.
You die...

##.#..##..#...<.....# #.##....÷#
............#######.####.###.#..#
....^.####### #....[.###.#..#
#####.# #.####...†..... #.#
##############... #.# #≈§≈≈§≈≈≈#
#... #.# #§≈≈..≈≈§# #... #.#
###§§....≈≈#####... #.#
#S@§§..#...'....... #.#
#.......'.§.#....'....... #.#
#.......#§≈....≈≈#....... #.#
#....>###≈§≈..≈≈§#####... #.#
###### #≈≈≈≈≈≈§§# #... #.###
########### #... #.#.## #.# #<..
#..#.# #.# #.[. ###.## #####(#
###########.#


You could see an adder.

Vanquished Creatures
  3 adders (D:2)
  2 dart slugs
  2 leopard geckos (D:1)
  3 giant cockroaches
  3 goblins
  4 hobgoblins
  4 bats
  3 frilled lizards
  7 kobolds
  5 rats
36 creatures vanquished.

Notes
Turn   | Place    | Note
-------+----------+-------------------------------------------
     0 | D:1      | Bronimir the Demonspawn Venom Mage began the quest for the
                  | Orb.
     0 | D:1      | Reached XP level 1. HP: 13/13 MP: 3/3
   245 | D:1      | Gained mutation: You are partially covered in yellow
                  | scales. (AC +2) [demonic ancestry]
   245 | D:1      | Reached XP level 2. HP: 17/19 MP: 1/5
   252 | D:1      | Learned a level 2 spell: Poisonous Vapours
  1653 | D:2      | Gained mutation: You are mostly covered in yellow scales.
                  | (AC +3) [demonic ancestry]
  1653 | D:2      | Reached XP level 3. HP: 24/24 MP: 3/6
  2114 | D:2      | Reached skill level 1 in Armour
  2473 | D:2      | HP: 1/24 [poisoned by an adder]
  2475 | D:2      | Succumbed to an adder's poison

Levels and vault maps discovered:
D:1:      psy_arrival_basics, layout_loops_cross, serial_forest,
          infiniplex_forest_clump_long, infiniplex_forest_clump_medium,
          infiniplex_forest_lined_2, infiniplex_forest_clump_diagonal,
          infiniplex_forest_straight_4, infiniplex_forest_clump_long,
          infiniplex_forest_end_1, infiniplex_forest_clump_curved,
          infiniplex_forest_lined_corner, infiniplex_forest_lined_2
D:2:      minmay_spotlight, layout_loops_cross, kennysheep_generic_room_4

Skill      XL: |  1  2  3 |
---------------+----------+-----
Dodging        | 2 |  2.5
Armour         | 1 |  1.1
Fighting       | |  0.1
Stealth        | |  1.7
Shields        | |  0.4
Spellcasting   | |  2.1
Conjurations   | |  1.7
Air Magic      | |  0.2
Poison Magic   | |  3.3

Action                   || total
-------------------------++-------
Melee: Short sword       ||    10
       Unarmed           ||     4
       Club              ||    29
       Hand axe          ||    42
 Cast: Sting             ||    42
       Poisonous Vapours ||     7
  Use: Potion            ||     3
 Stab: Sleeping          ||     1
  Eat: Chunk             ||     6
Armor: Robe              ||     6
       Leather armour    ||    48
Dodge: Dodged            ||    98
Block: Buckler           ||    16
